 Dungeon Crawl Stone Soup version 0.24.0-37-gcf1ca852f1 (webtiles) character file.

Game seed: 7911176018741167912, levelgen mode: deterministic

182 Peloso the Shield-Bearer (level 5, -9/47 HPs)
             Began as a Minotaur Fighter on Nov 22, 2019.
             Killed by divine providence
             ... invoked by an orc priest
              (11 damage)
             ... on level 3 of the Dungeon.
             The game lasted 00:03:56 (1766 turns).

Peloso the Shield-Bearer (Minotaur Fighter)         Turns: 1766, Time: 00:03:56

Health: -9/47      AC:  7    Str: 21    XL:     5   Next: 35%
Magic:  4/4        EV:  8    Int:  5    God:
Gold:   37         SH: 11    Dex: 10    Spells: 4/4 levels left

rFire    + . .     SeeInvis .   a - +0 long sword
rCold    x . .     Gourm    .   c - +1 shield
rNeg     . . .     Faith    .   b - +0 scale mail
rPois    .         Spirit   .   (helmet restricted)
rElec    .         Reflect  .   o - scarf {cloud immunity}
rCorr    .         Harm     .   (no gloves)
MR       .....                  (no boots)
Stlth    ..........             (no amulet)
HPRegen  0.15/turn              r - ring of fire
MPRegen  0.09/turn              (no ring)

@: no status effects
A: retaliatory headbutt, horns 2
a: no special abilities


You were on level 3 of the Dungeon.
You were not hungry.

You visited 1 branch of the dungeon, and saw 3 of its levels.

You collected 37 gold pieces.

Inventory:

Hand Weapons
 a - a +0 long sword (weapon)
Armour
 b - a +0 scale mail (worn)
 c - a +1 shield (worn)
 o - a scarf of cloud immunity (worn)
Jewellery
 r - a ring of fire (left hand)
Scrolls
 l - 4 scrolls of remove curse
Potions
 d - a potion of might
 g - a potion of ambrosia {unknown}
 k - a potion of cancellation
 p - a potion of heal wounds
Comestibles
 f - 6 rations


   Skills:
 + Level 4.8 Fighting
 + Level 3.9 Long Blades
 + Level 4.3 Armour
 + Level 0.5 Dodging
 + Level 5.2 Shields


You had 4 spell levels left.
You didn't know any spells.
Your spell library was empty.

Dungeon Overview and Level Annotations

Branches:
Dungeon (3/15)

Altars:
Cheibriados

Annotations:
D:3 Ijyb


Innate Abilities, Weirdness & Mutations

You reflexively headbutt those who attack you in melee.
You have a pair of horns on your head.


Message History

The orc hits you but does no damage.
The orc priest mumbles some strange prayers to Beogh against you.
Beogh smites you!
* * * LOW HITPOINT WARNING * * *
Unknown command.
You closely miss the orc.
The orc is severely wounded.
The orc hits you with a +0 short sword.
* * * LOW HITPOINT WARNING * * *
An orc comes into view.
The orc hits you with a +0 short sword.
* * * LOW HITPOINT WARNING * * *
You slash the orc!
You kill the orc!
The orc completely misses you. You furiously retaliate!
You headbutt the orc.
You kill the orc!
The orc hits you but does no damage. x2
The orc priest mumbles some strange prayers to Beogh against you.
Beogh smites you!
You die...

#...## #....
#...# #... #..
#.# ######.#
#o@....#
....ooo####.#
.....#o #.#
#... #. #.#
### #. #.# #.
#.# #. #.# #.
#.############
#.#
#............#


You could see an orc priest and 4 orcs.

Vanquished Creatures
  A worker ant (D:2)
  3 adders
  4 gnolls (D:3)
  An ooze (D:1)
  5 dart slugs
  2 leopard geckos (D:1)
  3 orcs (D:3)
  7 bats
  7 giant cockroaches
  7 goblins
  16 hobgoblins
  A jackal (D:1)
  4 kobolds
  A ball python (D:1)
  2 frilled lizards
  4 rats
68 creatures vanquished.

Notes
Turn   | Place    | Note
-------+----------+-------------------------------------------
     0 | D:1      | Peloso the Minotaur Fighter began the quest for the Orb.
     0 | D:1      | Reached XP level 1. HP: 19/19 MP: 0/0
    57 | D:1      | Reached XP level 2. HP: 25/27 MP: 1/1
   143 | D:1      | Reached skill level 4 in Shields
   162 | D:1      | Reached XP level 3. HP: 29/33 MP: 2/2
   854 | D:2      | Reached XP level 4. HP: 19/41 MP: 3/3
  1005 | D:2      | Reached skill level 5 in Shields
  1118 | D:2      | Found a snail-covered altar of Cheibriados.
  1353 | D:3      | Reached XP level 5. HP: 10/47 MP: 4/4
  1760 | D:3      | Noticed Ijyb
  1764 | D:3      | HP: 2/47 [orc/+0 short sword (4)]
  1766 | D:3      | Killed from afar by an orc priest

Levels and vault maps discovered:
D:1:      dpeg_arrival_brainrot, layout_loops_ring, st_stairs_14,
          minmay_box_of_dots
D:2:      layout_rooms, kennysheep_slug_shrine
D:3:      minmay_recursive_quarters, layout_basic, grunt_gozag_statues,
          first_ration, minmay_misc_feat_rugged, st_stairs_12, hex_tiny,
          uniq_ijyb

Skill      XL: |  1  2  3  4 |
---------------+-------------+-----
Fighting       | 4 |  4.8
Shields        | 4 5 |  5.2
Armour         | 4 |  4.3
Long Blades    | 3 |  3.9
Dodging        | |  0.5

Action                   |  1- 3 |  4- 6 || total
-------------------------+-------+-------++-------
Melee: Long sword        |    99 |    66 ||   165
       Headbutt          |    16 |    11 ||    27
  Use: Scroll            |       |    10 ||    10
  Eat: Chunk             |       |     3 ||     3
Armor: Scale mail        |    45 |    26 ||    71
Dodge: Dodged            |    31 |    25 ||    56
Block: Shield            |    56 |    65 ||   121
       Rpst.: Long sword |     8 |     8 ||    16
